 Dungeon Crawl Stone Soup version 0.25-a0-591-g2ad0d861f1 (webtiles) character file.

Game seed: 15800577631741293201, levelgen mode: deterministic

2625 sanka the Grappler (level 9, 0/85 HPs)
             Began as a Troll Monk on Mar 14, 2020.
             Was an Elder of Okawaru.
             Slain by a kobold
             ... wielding a +0 whip
              (2 damage)
             ... on level 6 of the Dungeon.
             The game lasted 00:11:16 (5794 turns).

sanka the Grappler (Troll Monk)                     Turns: 5794, Time: 00:11:16

Health: 0/85       AC:  6    Str: 26    XL:     9   Next: 34%
Magic:  8/8        EV: 12    Int:  6    God:    Okawaru [****..]
Gold:   81         SH:  0    Dex: 15    Spells: 8/8 levels left

rFire    . . .     SeeInvis .     - Unarmed
rCold    + . .     Gourm    +   (no shield)
rNeg     . . .     Faith    .   a - +0 robe
rPois    .         Spirit   .   (helmet restricted)
rElec    .         Reflect  .   (no cloak)
rCorr    .         Harm     .   (gloves unavailable)
MR       .....                  (boots unavailable)
Stlth    ++........             (no amulet)
HPRegen  0.64/turn              c - +5 ring of strength
MPRegen  0.11/turn              y - ring of protection from cold

@: no status effects
A: large, unfitting armour, claws 3, fast metabolism 3, gourmand, regeneration
1, shaggy fur 1, tough skin 3
a: Heroism, Renounce Religion


You were on level 6 of the Dungeon.
You worshipped Okawaru.
Okawaru was greatly pleased with you.
You were completely stuffed.

You visited 2 branches of the dungeon, and saw 8 of its levels.
You also visited: Sewer.

You collected 321 gold pieces.
You spent 240 gold pieces at shops.


Innate Abilities, Weirdness & Mutations

You are too large for most types of armour.
You have claws for hands.
Your metabolism is lightning-fast.
You like to eat raw meat.
Your natural rate of healing is unusually fast.
You are covered in fur. (AC +1)
You have extremely tough skin. (AC +3)


   Skills:
 + Level 4.7 Fighting
 + Level 4.7 Dodging
 - Level 1.0 Stealth
 + Level 0.9 Shields
 + Level 11.0 Unarmed Combat


You had 8 spell levels left.
You didn't know any spells.
Your spell library was empty.

Inventory:

Hand Weapons
 B - the +0 rapier "Sela" {elec, rElec rN+} Occasionally, upon striking a foe, it will discharge some electrical energy and cause terrible harm. It insulates you from electricity. It protects you from negative energy.
Armour
 a - a +0 robe (worn)
 s - a +0 tower shield
Magical Staves
 x - an uncursed staff of conjuration {unknown}
 A - an uncursed staff of fire
Jewellery
 c - a +5 ring of strength (left claw)
 h - an uncursed ring of fire
 y - a ring of protection from cold (right claw)
Scrolls
 j - 3 scrolls of magic mapping
 k - 2 scrolls of fog
 l - a scroll of blinking {unknown}
 m - a scroll of enchant weapon {unknown}
 n - 2 scrolls of amnesia
 p - a scroll of enchant armour {unknown}
 q - a scroll of random uselessness {unknown}
 r - 3 scrolls of remove curse
 t - 2 scrolls of teleportation {@r4}
Potions
 d - 4 potions of haste {@q3}
 e - 2 potions of berserk rage {!q}
 f - 2 potions of lignification {unknown}
 g - 3 potions of ambrosia {unknown}
 i - 5 potions of curing {unknown}
 o - a potion of mutation {unknown}
 u - 3 potions of heal wounds {@q2}
 v - a potion of magic {unknown}
 w - 2 potions of might
 z - a potion of degeneration {unknown}
Comestibles
 b - 11 rations

Dungeon Overview and Level Annotations

Branches:
Dungeon (7/15)             Temple (1/1) D:5           Sewer (visited)

Altars:
Ashenzari
Cheibriados
Dithmenos
Elyvilon
Fedhas
Gozag
Hepliaklqana
Kikubaaqudgha
Makhleb
Nemelex Xobeh
Okawaru
Qazlal
Ru
Trog
Uskayaw
Vehumet
Wu Jian
Xom
Yredelemnul
Zin
The Shining One

Shops:
D:5 !

Annotations:
D:7 Maggie

▒)▒ ▒.▒▒▒▒▒▒▒▒▒▒▒ ▒.▒
▒............ ▒.▒▒▒▒▒
▒.▒▒▒▒▒▒▒▒▒.▒ ))....▒
▒▒▒▒▒▒▒▒▒▒.▒▒▒▒▒▒ ▒.▒ ......▒
▒.............▒.▒ ▒.▒
......▒▒▒▒▒▒.............▒.▒ ▒.▒
......▒...▒▒.............▒.▒▒▒▒.▒
▒+▒..............K............▒.▒
.#.(....[......KT▒▒▒▒.▒▒...▒▒▒▒.▒
##P(▒+▒▒▒▒......K...▒.▒▒...▒▒▒▒.▒
P##.................▒.▒▒....<▒▒.▒
####................▒.▒▒.▒......▒
####.........▒▒▒.▒▒▒▒.▒▒.▒▒▒▒▒▒▒▒
##....................▒▒.▒
..▒.▒+▒▒▒▒▒▒▒......)..▒▒.▒
..▒.▒.▒ ▒.........)).▒▒.▒
..▒)▒.▒▒▒▒...........(▒▒.▒


You could see 3 kobolds.


Message History

Maggie zaps a wand.
The bolt of acid hits the kobold!!
The kobold is splashed with acid!
The acid corrodes the kobold!
The kobold dies!
The bolt of acid hits you!!
* * * LOW HITPOINT WARNING * * *
You are splashed with acid!
* * * LOW HITPOINT WARNING * * *
Unknown command.
The kobold hits you with a +0 whip.
* * * LOW HITPOINT WARNING * * *
The kobold barely misses you.
The kobold hits you with a +0 short sword.
* * * LOW HITPOINT WARNING * * *
You climb upwards.
There is a stone staircase leading down here.
Unknown command.
Unknown command.
Unknown command.
Unknown command.
Unknown command.
You closely miss the kobold. The kobold barely misses you.
The kobold misses you.
The kobold hits you with a +0 short sword.
* * * LOW HITPOINT WARNING * * *
You scratch the kobold but do no damage.
The kobold hits you with a +0 whip.
You die...

Action                   |  1- 3 |  4- 6 |  7- 9 || total
-------------------------+-------+-------+-------++-------
Melee: Unarmed           |   100 |   143 |   167 ||   410
       Punch             |     1 |     2 |    11 ||    14
Invok: Heroism           |       |     1 |     6 ||     7
  Use: Scroll            |     5 |       |     3 ||     8
 Stab: Sleeping          |     2 |       |     4 ||     6
  Eat: Chunk             |    17 |    18 |    20 ||    55
       Ration            |     1 |       |       ||     1
Armor: Robe              |    49 |    50 |    36 ||   135
Dodge: Dodged            |    45 |    51 |    91 ||   187

Levels and vault maps discovered:
D:1:      dpeg_arrival_ternary, layout_basic
D:2:      layout_basic
D:3:      layout_loops_cross, first_ration
D:4:      layout_loops_ring, cheibrodos_sewer_entry_bend
D:5:      layout_basic, temple_statues, serial_shops, shop,
          sigmund_edmund_badplayer, uniq_eustachio
D:6:      layout_basic, serial_undead, serial_undead_c, serial_undead_a,
          serial_undead_f, serial_undead_a, serial_undead_b, serial_undead_f,
          chequers_serial_rivers_micro_b
D:7:      layout_cave_pods, uniq_pikel, uniq_maggie, uniq_prince_ribbit1
Temple:   regret_index_temple_sigil_plot

Notes
Turn   | Place    | Note
-------+----------+-------------------------------------------
     0 | D:1      | sanka the Troll Monk began the quest for the Orb.
     0 | D:1      | Reached XP level 1. HP: 22/22 MP: 0/0
   311 | D:1      | Reached XP level 2. HP: 29/29 MP: 1/1
  1037 | D:2      | Reached skill level 4 in Unarmed Combat
  1165 | D:2      | Reached XP level 3. HP: 34/36 MP: 2/2
  1686 | D:3      | Reached XP level 4. HP: 42/44 MP: 3/3
  1809 | D:3      | Reached skill level 5 in Unarmed Combat
  2563 | D:4      | Reached XP level 5. HP: 47/50 MP: 4/4
  2574 | D:4      | Reached skill level 6 in Unarmed Combat
  2849 | D:4      | Found a glowing drain.
  2858 | Sewer    | Entered a sewer
  2963 | Sewer    | Noticed Purgy
  2969 | Sewer    | Killed Purgy
  2969 | Sewer    | Reached skill level 7 in Unarmed Combat
  2969 | Sewer    | Reached XP level 6. HP: 50/59 MP: 5/5
  3185 | D:5      | Entered Level 5 of the Dungeon
  3200 | D:5      | Found a staircase to the Ecumenical Temple.
  3211 | Temple   | Entered the Ecumenical Temple
  3550 | Temple   | Became a worshipper of Warmaster Okawaru
  3550 | Temple   | Reached * piety under Okawaru
  3550 | Temple   | Reached ** piety under Okawaru
  3685 | D:5      | Noticed Eustachio
  3699 | D:5      | Killed Eustachio
  3699 | D:5      | Reached skill level 8 in Unarmed Combat
  3699 | D:5      | Reached XP level 7. HP: 52/66 MP: 3/6
  4039 | D:5      | Noticed Sigmund
  4047 | D:5      | Killed Sigmund
  4047 | D:5      | Reached *** piety under Okawaru
  4047 | D:5      | Reached skill level 9 in Unarmed Combat
  4068 | D:5      | Noticed Edmund
  4075 | D:5      | Killed Edmund
  4075 | D:5      | Reached XP level 8. HP: 61/74 MP: 4/7
  4354 | D:5      | Found Qaabit's Distillery.
  4697 | D:5      | Bought a potion of heal wounds for 50 gold pieces
  4697 | D:5      | Bought a potion of might for 40 gold pieces
  4697 | D:5      | Bought a potion of berserk rage for 50 gold pieces
  4697 | D:5      | Bought a potion of haste for 100 gold pieces
  4753 | D:6      | Reached skill level 10 in Unarmed Combat
  4816 | D:6      | Reached skill level 3 in Fighting
  4816 | D:6      | Reached skill level 3 in Dodging
  5014 | D:6      | Reached **** piety under Okawaru
  5091 | D:6      | Reached skill level 4 in Fighting
  5096 | D:6      | Reached skill level 4 in Dodging
  5143 | D:6      | Reached XP level 9. HP: 30/84 MP: 8/8
  5738 | D:5      | Got an ancient rapier
  5739 | D:5      | Identified the +0 rapier "Sela" {elec, rElec rN+} (You
                  | found it on level 5 of the Dungeon)
  5781 | D:7      | Reached skill level 11 in Unarmed Combat
  5781 | D:7      | Identified +0 steam dragon scales
  5781 | D:7      | Noticed Maggie
  5790 | D:7      | HP: 8/85 [acid (9)]
  5793 | D:6      | HP: 1/85 [kobold/+0 short sword (5)]
  5794 | D:6      | Slain by a kobold

Vanquished Creatures
  Sigmund (D:5)
  Eustachio (D:5)
  Edmund (D:5)
  A black bear (D:6)
  A sky beast (D:6)
  Purgy (Sewer)
  An orc warrior (D:6)
  An ice beast (D:6)
  4 ogres
  A big kobold (D:7)
  3 bullfrogs (D:6)
  2 gnoll sergeants (D:6)
  A wyvern zombie (D:6)
  A scorpion (D:4)
  5 crimson imps
  3 bullfrog zombies (D:6)
  An orc priest (D:5)
  A centaur skeleton (D:4)
  5 hounds
  A jelly (D:7)
  An orc wizard (D:4)
  An iguana (D:4)
  2 worker ants (D:5)
  A hound skeleton (D:6)
  2 worker ant zombies (D:6)
  7 gnolls (D:6)
  6 adders
  A shadow imp (D:5)
  An adder zombie (D:6)
  2 adder skeletons (D:5)
  4 worms
  2 dart slugs
  8 leopard geckos
  17 orcs
  4 ball pythons
  4 giant cockroaches
  4 goblins
  2 hobgoblins (D:3)
  6 jackals (D:2)
  5 kobolds
  3 quokkas
  6 bats
  10 frilled lizards
  A giant cockroach zombie (D:6)
  A jackal zombie (D:6)
  2 quokka skeletons
  9 rats
148 creatures vanquished.

Vanquished Creatures (others)
  A kobold (D:7)
1 creature vanquished.

Grand Total: 149 creatures vanquished
